[Event "Mitropa Cup Open 2024"]
[Site "Apolda"]
[Date "2024.02.20"]
[Round "6.1"]
[White "Krstulovic, Alex"]
[Black "Baidetskyi, Valentin"]
[Result "1/2-1/2"]
[ECO "E90"]
[WhiteElo "2414"]
[BlackElo "2499"]
[Annotator "TA"]
[PlyCount "87"]
[EventDate "2024.02.15"]
[EventType "team-tourn"]
[EventCountry "GER"]
[SourceTitle "playchess.com"]
[Source "ChessBase"]
[SourceQuality "1"]
[WhiteTeam "Hungary"]
[BlackTeam "Austria"]
[WhiteTeamCountry "HUN"]
[BlackTeamCountry "AUT"]
[TimeControl "40/5400+30:1800+30"]

1. d4 Nf6 2. c4 g6 3. Nc3 Bg7 4. e4 d6 5. Nf3 O-O 6. Bd3 Bg4 7. Be2 Bxf3 8. Bxf3 Nfd7 9. Be3 {[%emt 0:00:17] White is slightly better.} Nc6 10. d5 {[%emt 0:00:41] Black is weak on the light squares} Na5 11. Be2 Nb6 12. Bd4 $1 Bxd4 13. Qxd4 c5 14. dxc6 e5 15. Qe3 bxc6 16. c5 dxc5 17. Qxc5 Nd7 18. Qa3 Nb7 19. Rd1 Qe8 20. Na4 Nb6 21. Nc5 Nxc5 22. Qxc5 Qe6 23. b3 $1 {[%emt 0:01:26] White has more active pieces.} Rfd8 {[%emt 0:00:30] Against Rd6} 24. O-O Qf6 25. Ba6 Rd7 26. a4 Rad8 (26... Qe6 $16) 27. Rxd7 $18 Rxd7 28. a5 Na8 29. Rc1 Nc7 30. Qxa7 {[%emt 0:05:03] And now Bf1 would win.} (30. Qxc6 Qxc6 31. Rxc6 Nxa6 $19) 30... Rd2 (30... Qd8 {is a better defense.} 31. Bf1 (31. Rxc6 $2 Rd1+ 32. Bf1 Rxf1+ 33. Kxf1 Qd1#) 31... Ne6) 31. Bf1 (31. Qxc7 $2 Qxf2+ 32. Kh1 Qxg2#) 31... Ne6 32. Rxc6 {[%emt 0:07:22] Hoping for a6.} Rd1 33. Qe3 {[%emt 0:00:55] Repels Nf4} (33. g3 $18 Kg7 34. Qe3) 33... Qd8 $16 34. b4 (34. Rc1 $1 $16 Rxc1 35. Qxc1 Qxa5 36. Qc4) 34... Nd4 $14 35. Rc5 Qd6 $2 (35... Qb8 $11 {and Black stays safe.} 36. b5 Qd6) 36. g3 $1 $18 {[%emt 0:07:37] aiming for Kg2.} Qa6 37. b5 $1 Qxa5 {[%emt 0:00:09] Strongly threatening ...Qa1.} 38. Kg2 $1 {[%emt 0:03:10][%cal Oe3g5] Threatens to win with Qg5!} (38. Rxe5 $2 Qa1 39. Kg2 (39. Re8+ $2 Kg7 $19) 39... Rxf1 $19) 38... Kg7 39. Qg5 f6 40. Qg4 Rd2 41. Qd7+ Kh6 {[%emt 0:00:22][%cal Od2f2] [#]} 42. Qh3+ $1 (42. Rc7 Rxf2+ 43. Kh3 (43. Kxf2 {leads to mate.} Qd2+) 43... Nf3 $19 (43... Rxf1 44. Qxh7+ Kg5 45. Qh4#)) 42... Kg7 {[%emt 0:00:13] [#]} 43. Qd7+ ({Better is} 43. Rc8 $1 $16 Qa7 44. Bc4) 43... Kh6 $11 44. Qh3+ {[%emt 0:03:10] Weighted Error Value: White=0.10 (very precise) /Black=0.15 (very precise) .  Mistake:       	White=3     	Black=3      Inaccurate:     	---       	Black=1      OK:         	White=13    	Black=14     Best:        	White=3     	Black=9      Strong:       	White=6     	---} 1/2-1/2

[Event "Mitropa Cup Open 2024"]
[Site "Apolda"]
[Date "2024.02.20"]
[Round "6.2"]
[White "Peyrer, Konstantin"]
[Black "Juhasz, Agoston"]
[Result "1-0"]
[ECO "A16"]
[WhiteElo "2439"]
[BlackElo "2410"]
[Annotator "RC"]
[PlyCount "103"]
[EventDate "2024.02.15"]
[EventType "team-tourn"]
[EventCountry "GER"]
[SourceTitle "playchess.com"]
[Source "ChessBase"]
[SourceQuality "1"]
[WhiteTeam "Austria"]
[BlackTeam "Hungary"]
[WhiteTeamCountry "AUT"]
[BlackTeamCountry "HUN"]
[TimeControl "40/5400+30:1800+30"]

1. Nf3 Nf6 2. c4 g6 3. Nc3 Bg7 4. e4 e5 5. Nxe5 O-O 6. d3 Nxe4 7. dxe4 Bxe5 8. Be3 d6 9. Qd2 Nd7 10. Be2 Nf6 11. f3 c6 12. O-O d5 13. cxd5 cxd5 14. Nxd5 Nxd5 15. exd5 Qf6 16. Rad1 Bxb2 17. Bg5 Qc3 18. Be7 Re8 19. Qxc3 Bxc3 20. d6 Bd7 21. f4 Rac8 22. f5 gxf5 23. Rd5 Bg7 24. Bb5 Bxb5 25. Rxb5 Bf8 26. d7 Bxe7 27. Rxb7 Bc5+ 28. Kh1 Rcd8 29. dxe8=Q+ Rxe8 30. g3 Re5 31. Rb5 f6 32. Rc1 Be3 33. Rxe5 fxe5 34. Rc7 f4 35. gxf4 exf4 36. Kg2 Bb6 37. Rb7 Be3 38. Kf3 Kh8 39. h4 Kg8 40. h5 h6 41. a4 Kh8 42. a5 Kg8 43. a6 Kh8 44. Rc7 Kg8 45. Ke4 Kh8 46. Kf5 Kg8 47. Kg6 Kf8 48. Kxh6 f3+ 49. Kg6 f2 50. Rf7+ Ke8 51. Rf3 Kd7 52. h6 1-0

[Event "Mitropa Cup Open 2024"]
[Site "Apolda"]
[Date "2024.02.20"]
[Round "6.3"]
[White "Vanczak, Tamas"]
[Black "Morgunov, Marc"]
[Result "1/2-1/2"]
[ECO "C54"]
[WhiteElo "2431"]
[BlackElo "2368"]
[Annotator "RC"]
[PlyCount "79"]
[EventDate "2024.02.15"]
[EventType "team-tourn"]
[EventCountry "GER"]
[SourceTitle "playchess.com"]
[Source "ChessBase"]
[SourceQuality "1"]
[WhiteTeam "Hungary"]
[BlackTeam "Austria"]
[WhiteTeamCountry "HUN"]
[BlackTeamCountry "AUT"]
[TimeControl "40/5400+30:1800+30"]

1. e4 e5 2. Nf3 Nc6 3. Bc4 Bc5 4. c3 Nf6 5. d4 exd4 6. e5 d5 7. Bb5 Ne4 8. cxd4 Bb6 9. Nc3 O-O 10. O-O Bg4 11. Be3 f6 12. exf6 Nxc3 13. bxc3 Qxf6 14. Be2 Rae8 15. Qb3 Qd6 16. Rae1 Na5 17. Qc2 Nc4 18. Bxc4 Bxf3 19. Bd3 Be4 20. Bxe4 Rxe4 21. f3 Re6 22. Bf2 Rfe8 23. Rxe6 Rxe6 24. Qf5 c6 25. Re1 Rxe1+ 26. Bxe1 Qe7 27. Qc8+ Kf7 28. Kf1 Ba5 29. Bd2 h6 30. h4 Qc7 31. Qg4 Qd6 32. Qf5+ Qf6 33. Qc8 Qe7 34. h5 Qc7 35. Qg4 Qe7 36. Qf5+ Kg8 37. Qc8+ Kh7 38. Qf5+ Kg8 39. Qc8+ Kh7 40. Qf5+ 1/2-1/2

[Event "Mitropa Cup Open 2024"]
[Site "Apolda"]
[Date "2024.02.20"]
[Round "6.4"]
[White "Dotzer, Lukas"]
[Black "Pasztor, Balazs"]
[Result "1/2-1/2"]
[ECO "C67"]
[WhiteElo "2335"]
[BlackElo "2395"]
[Annotator "RC"]
[PlyCount "105"]
[EventDate "2024.02.15"]
[EventType "team-tourn"]
[EventCountry "GER"]
[SourceTitle "playchess.com"]
[Source "ChessBase"]
[SourceQuality "1"]
[WhiteTeam "Austria"]
[BlackTeam "Hungary"]
[WhiteTeamCountry "AUT"]
[BlackTeamCountry "HUN"]
[TimeControl "40/5400+30:1800+30"]

1. e4 e5 2. Nf3 Nc6 3. Bb5 Nf6 4. O-O Nxe4 5. Re1 Nd6 6. Nxe5 Be7 7. Bf1 Nxe5 8. Rxe5 O-O 9. d4 Bf6 10. Re1 Re8 11. Bf4 Rxe1 12. Qxe1 Ne8 13. Nc3 Bxd4 14. Nd5 c6 15. Ne7+ Kf8 16. Nxc8 Qf6 17. Rd1 Rxc8 18. Qe4 Bb6 19. Rxd7 Rd8 20. Rxd8 Qxd8 21. Qb4+ Kg8 22. Bd3 a5 23. Qe4 Nf6 24. Qf3 Nd5 25. Bd2 g6 26. Bc4 Bd4 27. Bxd5 cxd5 28. b3 b6 29. a4 Qd6 30. Qd3 Qc5 31. Be1 h5 32. Kf1 Be5 33. h3 Qc6 34. Bd2 Bd6 35. Bc3 Bc5 36. Bb2 Kf8 37. c4 Qd6 38. cxd5 Qf4 39. f3 Qh4 40. Qe2 Qg3 41. Qd2 Ke7 42. Bd4 Qd6 43. Qe2+ Kd7 44. Qe5 Bxd4 45. Qxd4 Qc5 46. Qxc5 bxc5 47. Ke2 Kd6 48. Kd3 Kxd5 49. h4 Kd6 50. Kc4 Kc6 51. Kc3 Kd6 52. Kc4 Kc6 53. Kc3 1/2-1/2

[Event "Mitropa Cup Open 2024"]
[Site "Apolda"]
[Date "2024.02.20"]
[Round "6.5"]
[White "Bogner, Sebastian"]
[Black "Moroni, Luca Jr"]
[Result "1/2-1/2"]
[ECO "E65"]
[WhiteElo "2538"]
[BlackElo "2601"]
[Annotator "TA"]
[PlyCount "60"]
[EventDate "2024.02.15"]
[EventType "team-tourn"]
[EventCountry "GER"]
[SourceTitle "playchess.com"]
[Source "ChessBase"]
[SourceQuality "1"]
[WhiteTeam "Switzerland"]
[BlackTeam "Italy"]
[WhiteTeamCountry "SUI"]
[BlackTeamCountry "ITA"]
[TimeControl "40/5400+30:1800+30"]

1. d4 Nf6 2. c4 g6 3. g3 Bg7 4. Bg2 O-O 5. Nc3 d6 6. Nf3 c5 7. O-O Nc6 8. dxc5 dxc5 9. Be3 Be6 10. Qa4 Nd4 11. Bxd4 cxd4 12. Nb5 $1 Bd7 {[%emt 0:18:54] [#] ...a6 is the strong threat.} 13. Qb3 Ne4 14. Rad1 (14. Nbxd4 {feels hotter.} Bxd4 15. Nxd4 Nd2 16. Qxb7 Rb8 17. Qxa7 Nxf1 18. Rd1) 14... Nc5 (14... Bxb5 $11 15. cxb5 Qb6) 15. Qa3 $14 Bxb5 16. cxb5 Ne6 {[%emt 0:05:29] The position is equal.} 17. e3 Qd7 18. Qb4 Rad8 19. b6 axb6 20. Qxb6 Qa4 21. b3 Qa6 22. Qxa6 bxa6 23. exd4 Nxd4 24. Nxd4 Bxd4 25. Rc1 Rd6 26. Rc7 e6 27. Rfc1 Rfd8 28. Rc8 a5 29. Kf1 Kf8 30. Rxd8+ Rxd8 {[%emt 0:00:06] Weighted Error Value: White=0.05 (flawless) /Black=0.05 (flawless) .  Mistake:       	---       	Black=1      OK:         	White=7     	Black=5      Best:        	White=1     	---} 1/2-1/2

[Event "Mitropa Cup Open 2024"]
[Site "Apolda"]
[Date "2024.02.20"]
[Round "6.6"]
[White "Brunello, Sabino"]
[Black "Baenziger, Fabian"]
[Result "0-1"]
[ECO "A20"]
[WhiteElo "2512"]
[BlackElo "2414"]
[Annotator "TA"]
[PlyCount "84"]
[EventDate "2024.02.15"]
[EventType "team-tourn"]
[EventCountry "GER"]
[SourceTitle "playchess.com"]
[Source "ChessBase"]
[SourceQuality "1"]
[WhiteTeam "Italy"]
[BlackTeam "Switzerland"]
[WhiteTeamCountry "ITA"]
[BlackTeamCountry "SUI"]
[TimeControl "40/5400+30:1800+30"]

1. c4 e5 2. g3 Nf6 3. Bg2 c6 4. Nf3 e4 5. Nd4 Qb6 6. Nb3 a5 7. d3 a4 8. N3d2 {[%emt 0:00:47] The position is equal.} Bc5 9. O-O e3 10. fxe3 Bxe3+ 11. Kh1 Ng4 12. Ne4 O-O 13. Nbc3 d5 14. cxd5 (14. Nxa4 $2 Rxa4 15. Nd6 Ra6 16. Nxc8 Rxc8 $19) 14... Bxc1 15. Qxc1 ({But not} 15. Rxc1 Ne3 16. Qd2 (16. Nxa4 $2 Qa7 $19) 16... cxd5 $17 (16... Nxf1 17. Rxf1 Qd8 18. d4 $15)) 15... Ne3 16. dxc6 Nxc6 17. Rf4 Nxg2 18. Kxg2 Rd8 {[%emt 0:07:46] Dodges Nd5} 19. Ng5 {[%emt 0:48:35][%csl LRa4,LRf7] A dynamic duo of knights.} f6 (19... Ne5 $1 $11) 20. Nf3 $16 Re8 21. Qd2 a3 22. Rb1 axb2 23. Rxb2 Qd8 24. a4 Rb8 25. Rb5 Bd7 26. Qa2+ Kh8 27. Rh5 Be6 28. Qb2 Bf7 29. Rb5 Re7 30. Kf2 Qd7 (30... h6 $14) 31. Ne4 (31. Re4 $16) 31... Rbe8 32. g4 (32. Kg1 $14) 32... Bd5 $11 33. Nfd2 (33. g5 $11 fxg5 34. Nfxg5) 33... Qc7 $1 $17 {[%emt 0:00:51][%mdl 1024] Black has strong compensation.} 34. Ke3 (34. e3 $15 Bxe4 35. Nxe4) 34... Qd7 {[%emt 0:03:14] Black is more active.} ({Black should play} 34... Rd7 $17 {...Ne7 is the strong threat.} 35. Nf3 Ne7 36. Rxf6 Bxe4 (36... gxf6 $2 {is the wrong capture.} 37. Nxf6 Nf5+ 38. Kf2 $18) 37. dxe4 Nd5+ (37... gxf6 38. Qxf6+ Kg8 39. Qe6+ Kg7 40. Rg5+ Ng6 41. Rxg6+ hxg6 42. Qxe8 $15) 38. Rxd5 Rxd5) 35. h3 (35. Kf2 $11 {keeps the balance.}) 35... Ra8 (35... Qd6 $1 $17) 36. Rf5 $11 Be6 {[%emt 0:00:44] Some like it hot} 37. Rxf6 gxf6 $17 38. Nxf6 {[%emt 0:00:06] [#]} Qd4+ 39. Qxd4 $11 Nxd4 40. Kxd4 Rxa4+ 41. Kc5 {[%emt 0:01:55] And now Kd6 would win.} Bf7 {[%emt 0:05:36] Strongly threatening ...Re5+.} 42. e4 $2 {[%emt 0:15:49][%mdl 8192] [#]} (42. Nc4 $11 {and White has nothing to worry.}) 42... Re6 $1 {[%emt 0:05:07] Weighted Error Value: White=0.39/Black=0.27 (precise) .  Loses game:     	White=1     	---        Mistake:       	White=6     	Black=5      Inaccurate:     	White=1     	Black=2      OK:         	White=13    	Black=15     Best:        	White=4     	Black=2      Strong:       	---       	Black=2} 0-1

[Event "Mitropa Cup Open 2024"]
[Site "Apolda"]
[Date "2024.02.20"]
[Round "6.7"]
[White "Fecker, Noah"]
[Black "Carnicelli, Valerio"]
[Result "1/2-1/2"]
[ECO "B48"]
[WhiteElo "2397"]
[BlackElo "2427"]
[Annotator "TA"]
[PlyCount "111"]
[EventDate "2024.02.15"]
[EventType "team-tourn"]
[EventCountry "GER"]
[SourceTitle "playchess.com"]
[Source "ChessBase"]
[SourceQuality "1"]
[WhiteTeam "Switzerland"]
[BlackTeam "Italy"]
[WhiteTeamCountry "SUI"]
[BlackTeamCountry "ITA"]
[TimeControl "40/5400+30:1800+30"]

1. e4 c5 2. Nf3 e6 3. d4 cxd4 4. Nxd4 Nc6 5. Nc3 Qc7 6. Be3 a6 7. g4 {[%emt 0:00:14] B48: Sicilian: Taimanov: 5 Nc3 Qc7 6 Be3 a6 without Be2.} Nxd4 8. Qxd4 b5 9. O-O-O Bb7 10. f3 Rc8 11. Qd2 Bb4 12. Bd4 f6 13. g5 h6 14. gxh6 Nxh6 15. a3 Bxa3 16. bxa3 e5 17. Nxb5 axb5 18. Bb2 Nf7 19. h4 d5 20. Bxb5+ Kf8 21. Ba4 d4 22. Bb3 Rb8 $146 ({Predecessor:} 22... Nd6 23. Kb1 Rb8 24. Ka2 Ba6 25. f4 Nc4 26. Qc1 Nxb2 27. Qxb2 Rb6 28. Rh3 Qd7 {½-½ Beerdsen,T (2516)-Martinez Pla,X (2255) Barcelona Sants op 24th 2023 (4)}) 23. Kb1 Ba6 24. f4 Bc4 25. Rh3 Qc6 (25... Bxb3 $11 26. cxb3 Qc6) 26. Qg2 (26. fxe5 $16 fxe5 27. Qg2) 26... exf4 27. Rxd4 Bxb3 $1 (27... Ne5 $2 28. Rc3 Rxh4 29. Rdxc4 (29. Bxc4 $2 Rxb2+ 30. Ka1 Rb8 $19) 29... Nxc4 30. Rxc4 $18) 28. cxb3 Ne5 (28... Qe6 $5) 29. Qd2 (29. Qf1 $14 f3 30. Ka2) 29... f3 30. Rb4 Rxb4 31. Qxb4+ Kf7 $1 32. Bxe5 Rd8 $1 33. Bb2 (33. Rxf3 $2 Rd1+ 34. Ka2 Qc2+ 35. Bb2 Qb1#) 33... Rd1+ $1 34. Ka2 f2 35. Rc3 Qxc3 $1 (35... f1=Q $2 36. Rxc6 Qd3 37. Qc4+ Qxc4 38. Rxc4 $18) 36. Qxc3 f1=Q (36... f1=B $2 {is the wrong capture.} 37. e5 Bd3 38. a4 (38. exf6 Bb1+ 39. Ka1 Bf5+ 40. Bc1 gxf6 $18) 38... fxe5 39. Qxe5 Bb1+ 40. Ka3 $18) 37. a4 Qd3 38. Qc7+ Qd7 39. Qc4+ (39. Qxd7+ Rxd7 40. a5 Re7) 39... Qe6 40. Qe2 Rd7 41. Qh5+ Kg8 42. Qf5 Kf7 43. Qh5+ Kg8 44. Qf5 Qxf5 45. exf5 Kf7 ({Don't go for} 45... Rd5 $2 46. b4 Kf7 47. a5 $18) 46. b4 Ke7 47. Kb3 Rd5 48. Kc4 Kd6 49. a5 Kc6 50. Bd4 Rxf5 51. a6 Rh5 52. Bf2 g6 53. Bd4 Rf5 54. Bc5 Rf4+ 55. Bd4 Rf5 56. Bc5 1/2-1/2

[Event "Mitropa Cup Open 2024"]
[Site "Apolda"]
[Date "2024.02.20"]
[Round "6.8"]
[White "Perossa, Nicolas"]
[Black "Gallagher, Joseph G."]
[Result "1/2-1/2"]
[ECO "B31"]
[WhiteElo "2277"]
[BlackElo "2427"]
[Annotator "RC"]
[PlyCount "143"]
[EventDate "2024.02.15"]
[EventType "team-tourn"]
[EventCountry "GER"]
[SourceTitle "playchess.com"]
[Source "ChessBase"]
[SourceQuality "1"]
[WhiteTeam "Italy"]
[BlackTeam "Switzerland"]
[WhiteTeamCountry "ITA"]
[BlackTeamCountry "SUI"]
[TimeControl "40/5400+30:1800+30"]

1. e4 c5 2. Nf3 Nc6 3. Bb5 g6 4. Bxc6 bxc6 5. O-O Bg7 6. Re1 Qc7 7. c3 d6 8. h3 Nf6 9. d4 cxd4 10. cxd4 O-O 11. Nc3 c5 12. Bf4 cxd4 13. Nxd4 Bb7 14. Nb3 Rac8 15. Rc1 Qd7 16. Qe2 Ba8 17. Red1 Rxc3 18. bxc3 Nxe4 19. Qe3 Qf5 20. Nd4 Qh5 21. f3 e5 22. fxe4 exf4 23. Qxf4 Bh6 24. Qxd6 Bxe4 25. Qg3 Bxc1 26. Rxc1 Qd5 27. Qf2 Rc8 28. Qb2 Qg5 29. Re1 Bd5 30. Qf2 h5 31. Re3 Bxa2 32. h4 Qa5 33. Qf6 Qb6 34. Qe5 Qb1+ 35. Kh2 Qb8 36. Qxb8 Rxb8 37. Nc6 Rb7 38. Re5 Rc7 39. Ra5 Rxc6 40. Rxa2 a6 41. Ra5 Kf8 42. g3 Ke7 43. c4 Kd6 44. Kg2 Kc7 45. Kf3 Kb6 46. Ra4 Re6 47. Kf4 Kc5 48. Kg5 Kd4 49. Kh6 Rc6 50. Kg7 f5 51. Kh6 Kc3 52. c5 Kb3 53. Rd4 a5 54. Rd6 Rxc5 55. Rb6+ Kc3 56. Kxg6 a4 57. Ra6 Kb4 58. Kxh5 f4+ 59. Kg4 fxg3 60. Kxg3 a3 61. Kg4 Rc2 62. Rb6+ Ka5 63. Rb1 a2 64. Ra1 Kb4 65. h5 Kb3 66. h6 Kb2 67. Rxa2+ Kxa2 68. Kg5 Kb3 69. h7 Rh2 70. Kg6 Kc4 71. Kg7 Rxh7+ 72. Kxh7 1/2-1/2

[Event "Mitropa Cup Open 2024"]
[Site "Apolda"]
[Date "2024.02.20"]
[Round "6.9"]
[White "Haring, Filip"]
[Black "Vykouk, Jan"]
[Result "1/2-1/2"]
[ECO "B90"]
[WhiteElo "2432"]
[BlackElo "2493"]
[Annotator "TA"]
[PlyCount "54"]
[EventDate "2024.02.15"]
[EventType "team-tourn"]
[EventCountry "GER"]
[SourceTitle "playchess.com"]
[Source "ChessBase"]
[SourceQuality "1"]
[WhiteTeam "Slovakia"]
[BlackTeam "Czech Republic"]
[WhiteTeamCountry "SVK"]
[BlackTeamCountry "CZE"]
[TimeControl "40/5400+30:1800+30"]

1. e4 c5 2. Nf3 d6 3. d4 cxd4 4. Nxd4 Nf6 5. Nc3 a6 6. h3 e5 7. Nf3 Be7 8. g4 h6 9. g5 hxg5 10. Nxg5 b5 {[%emt 0:02:53][%cal Bb7b5,Bb5b4][%mdl 32] Wards off Bc4} (10... Bg4 $5 11. f3 Be6 $11) 11. Rg1 Bb7 12. Be3 $1 Qc7 13. a4 (13. Qd2 $11) 13... b4 $17 14. Nd5 Nxd5 15. exd5 Nd7 16. Ne4 g6 17. c4 {[%emt 0:06:33] [#]} bxc3 $1 18. Nxc3 Nf6 19. a5 Rh4 (19... Kf8 $17 20. Ra4 Kg7) 20. Ra4 $15 Rxa4 21. Qxa4+ Qd7 22. Qb3 Bd8 23. Qa2 Rc8 ({Black should try} 23... Kf8 $15) 24. Rg3 Qf5 25. Qa4+ Qd7 $1 {[%emt 0:05:22][%cal Od7a4] [#] White must now prevent ...Qxa4!} 26. Qa2 Qf5 27. Qa4+ Qd7 {[%emt 0:00:52] Weighted Error Value: White=0.14 (very precise) /Black=0.14 (very precise) .  Mistake:       	White=1     	Black=2      Inaccurate:     	White=2     	Black=2      OK:         	White=5     	Black=9      Best:        	White=1     	Black=2      Strong:       	White=1     	Black=2} 1/2-1/2

[Event "Mitropa Cup Open 2024"]
[Site "Apolda"]
[Date "2024.02.20"]
[Round "6.10"]
[White "Kraus, Tomas"]
[Black "Turcan, Richard"]
[Result "1-0"]
[ECO "B13"]
[WhiteElo "2484"]
[BlackElo "2393"]
[Annotator "TA"]
[PlyCount "110"]
[EventDate "2024.02.15"]
[EventType "team-tourn"]
[EventCountry "GER"]
[SourceTitle "playchess.com"]
[Source "ChessBase"]
[SourceQuality "1"]
[WhiteTeam "Czech Republic"]
[BlackTeam "Slovakia"]
[WhiteTeamCountry "CZE"]
[BlackTeamCountry "SVK"]
[TimeControl "40/5400+30:1800+30"]

1. c4 c5 2. Nc3 Nc6 3. e3 Nf6 4. d4 cxd4 5. exd4 d5 6. Bg5 Be6 7. a3 {[%emt 1:29:05] 7.Be2 gains popularity.} g6 {[%emt 0:03:36] B13: Caro-Kann: Exchange Variation and Panov-Botvinnik Attack.} 8. Bxf6 exf6 9. g3 Bh6 10. Bg2 Ne7 11. c5 O-O 12. Nge2 Qd7 13. Qa4 $146 ({Predecessor:} 13. O-O Bh3 14. Qd3 a6 15. Bxh3 Qxh3 16. Qf3 Rae8 17. Nf4 Bxf4 18. Qxf4 Kg7 19. Rfe1 {0-1 Szabo,K (2492)-Prohaszka,P (2470) Budapest FS10 GM 2007 (2)}) 13... Qxa4 14. Nxa4 Rfe8 15. Nac3 Nc6 16. Rd1 (16. Bxd5 Bxd5 (16... Nxd4 17. Bxe6 Rxe6 18. Kf1 $17) 17. Nxd5 Nxd4 18. Nxf6+ Kf8 $17) 16... Rad8 17. b4 Kg7 18. h3 Bf5 19. f4 $1 ({Much worse is} 19. Nxd5 Bc2 $11) (19. Bxd5 Rxd5 20. Nxd5 Be4 21. Nxf6 (21. Nc7 Re7 $11) 21... Kxf6 $15) 19... Bc2 20. Rd2 Bb3 21. Kf2 Bc4 22. Re1 g5 23. fxg5 Bxg5 24. Nf4 Rxe1 25. Kxe1 Bxf4 26. gxf4 Ne7 (26... a5 27. b5 Ne7 28. Bf1 Bxf1 29. Kxf1) 27. Kf2 Ng6 28. Kg3 f5 29. b5 Kf6 30. a4 h5 31. Rf2 h4+ 32. Kf3 Bd3 (32... Rg8 $11 {keeps the balance.}) 33. Ke3 $16 Be4 34. Bf3 Nf8 (34... Bxf3 $16 35. Rxf3 Ne7) 35. Bxe4 $18 fxe4 36. f5 Kg5 37. a5 (37. c6 $142 bxc6 38. bxc6) 37... Nh7 38. b6 (38. a6 $142 bxa6 39. bxa6) 38... axb6 $18 39. axb6 Nf6 {[%emt 0:00:09] [#]} 40. Nb5 (40. Rg2+ $1 $18 Kxf5 41. Nb5) 40... Ra8 $2 (40... Nh5 $16) 41. Rb2 $2 (41. Rg2+ $18 {is more deadly.} Kxf5 42. Rg7) 41... Nd7 $16 42. Rg2+ Kxf5 43. Rf2+ ({Better is} 43. Rg4 $14) 43... Kg6 $11 44. Nd6 Ra3+ 45. Kf4 Rg3 $2 (45... Rd3 $1 $11) 46. Nxb7 $18 Kf6 $2 (46... f6 {was necessary.} 47. Rf1 Rb3) 47. Nd6 $18 Nf8 (47... Nxb6 $142 48. cxb6 Rb3) 48. Nxe4+ $18 dxe4 49. Kxe4+ Ke7 50. c6 Ne6 51. d5 Nc5+ 52. Kd4 Nb3+ 53. Kc4 Kd6 54. c7 Na5+ 55. Kb5 Kxd5 1-0

[Event "Mitropa Cup Open 2024"]
[Site "Apolda"]
[Date "2024.02.20"]
[Round "6.11"]
[White "Bochnicka, Vladimir"]
[Black "Gnojek, Petr"]
[Result "0-1"]
[ECO "B08"]
[WhiteElo "2398"]
[BlackElo "2428"]
[Annotator "TA"]
[PlyCount "84"]
[EventDate "2024.02.15"]
[EventType "team-tourn"]
[EventCountry "GER"]
[SourceTitle "playchess.com"]
[Source "ChessBase"]
[SourceQuality "1"]
[WhiteTeam "Slovakia"]
[BlackTeam "Czech Republic"]
[WhiteTeamCountry "SVK"]
[BlackTeamCountry "CZE"]
[TimeControl "40/5400+30:1800+30"]

1. e4 d6 2. d4 Nf6 3. Nc3 g6 4. Nf3 Bg7 5. Be3 c6 6. Qd2 b5 7. Bd3 Bg4 8. O-O-O O-O 9. Bh6 e5 $1 10. dxe5 dxe5 11. h4 (11. Ne2 $11) 11... Na6 ({Better is} 11... Qe7 $15) 12. Ne2 $11 Qe7 13. Ng3 Nh5 14. Nxh5 $1 gxh5 15. Be3 Rfd8 16. Qc3 Nb4 17. Kb1 {[%emt 0:02:03] Threatens to win with Bc5.} a5 18. a3 Nxd3 19. Rxd3 b4 20. Qc5 Qxc5 21. Bxc5 Rxd3 22. cxd3 b3 23. Bb6 {[%emt 0:10:32] Repels Rd8} a4 $36 {[%emt 0:07:02][%mdl 2048] Black has some pressure.} 24. Rc1 {[%emt 0:04:23] [#]} (24. Kc1 $11 {remains equal.}) 24... Bxf3 $1 $17 25. gxf3 {[%emt 0:00:04][%mdl 4096] Endgame. KRB-KRB} Bf6 26. Bc7 {[%emt 0:06:43] [#] White is now going downhill.} (26. Be3 $15) 26... Rc8 $1 27. Ba5 (27. Bb6 {is a better defense.}) 27... Bxh4 $19 28. Rh1 (28. Bb6 $142) 28... Bxf2 29. Rxh5 f6 30. Kc1 c5 31. Kd2 Bd4 32. Bc3 Rc7 {[%emt 0:03:15] Strongly threatening ...Rg7.} 33. f4 (33. Rh6 $142 Rg7 34. Bxd4 Rg2+ (34... exd4 $2 35. Rxf6 Rg2+ 36. Kc1 $19) (34... cxd4 $2 35. Rh2 $19) 35. Kc1 exd4 (35... cxd4 36. Rxf6 Rc2+ 37. Kd1 $19) 36. Rxf6 Rc2+ 37. Kd1 Rxb2 38. Ra6) 33... exf4 {[%emt 0:00:20] ...Rg7 is the strong threat.} 34. Rf5 Rg7 {[%emt 0:00:27] Hoping for ...Rg2+.} 35. Bxd4 cxd4 36. Rxf6 {[%emt 0:01:15] KR-KR} Rg2+ 37. Kc1 Rc2+ 38. Kb1 Rf2 39. Kc1 Kg7 40. e5 h5 {[%emt 0:00:30] Black mates.} 41. Rf5 h4 42. Rh5 Rc2+ {[%emt 0:00:00] Weighted Error Value: White=0.66/Black=0.12 (very precise) .  Mistake:       	White=6     	Black=1      Inaccurate:     	White=4     	Black=4      OK:         	White=6     	Black=8      Best:        	---       	Black=3      Strong:       	White=1     	Black=2} 0-1

[Event "Mitropa Cup Open 2024"]
[Site "Apolda"]
[Date "2024.02.20"]
[Round "6.13"]
[White "Plenca, Jadranko"]
[Black "Subelj, Jan"]
[Result "1/2-1/2"]
[ECO "B11"]
[WhiteElo "2429"]
[BlackElo "2512"]
[Annotator "TA"]
[PlyCount "61"]
[EventDate "2024.02.15"]
[EventType "team-tourn"]
[EventCountry "GER"]
[SourceTitle "playchess.com"]
[Source "ChessBase"]
[SourceQuality "1"]
[WhiteTeam "Croatia"]
[BlackTeam "Slovenia"]
[WhiteTeamCountry "CRO"]
[BlackTeamCountry "SLO"]
[TimeControl "40/5400+30:1800+30"]

1. e4 c6 2. Nc3 d5 3. Nf3 dxe4 4. Nxe4 Nf6 5. Qe2 Nxe4 6. Qxe4 Qd5 {[%emt 0:00:31] Prevents Bc4.} 7. Qh4 Qf5 8. Bd3 Qg4 9. Qg3 (9. Bxh7 $2 {too greedy.} Qxg2 (9... Qxh4 $2 10. Nxh4 Rxh7 11. Nf3 $19) 10. Rg1 Qxf3 $19) 9... h5 $1 {[%emt 0:24:19] The position is equal.} 10. Ne5 Qxg3 11. hxg3 Nd7 12. Nxd7 Bxd7 13. b3 g6 14. Bb2 {[%emt 0:03:41] Prevents Bg7.} Rg8 15. O-O-O Bg7 16. Rhe1 Bxb2+ 17. Kxb2 Be6 18. Be4 Bd5 19. d4 e6 20. c4 Bxe4 21. Rxe4 $11 {[%emt 0:00:02][%mdl 4096] Endgame. KRR-KRR} O-O-O 22. Kc3 Rd7 23. Rd3 Kd8 24. b4 Ke7 25. a4 Rgd8 26. Rde3 a6 27. a5 Rd6 28. Rd3 Kf6 29. Rf3+ Ke7 30. Rd3 Kf6 31. Rf3+ {[%emt 0:00:04] An uneventful encounter.   Weighted Error Value: White=0.05 (flawless) /Black=0.04 (flawless) .  Inaccurate:     	---       	Black=1      OK:         	White=9     	Black=10     Strong:       	---       	Black=1} 1/2-1/2